 Dungeon Crawl Stone Soup version 0.22-a0-417-g1387785 (webtiles) character file.

226319 Ijustatesigmund the Demon Slayer (level 20, -2/161 HPs)
             Began as a Formicid Fighter on May 14, 2018.
             Was a High Priest of the Shining One.
             Slain by a merfolk
             ... wielding a cursed -3 trident
              (9 damage)
             ... on level 4 of the Shoals.
             The game lasted 01:37:10 (30560 turns).

Ijustatesigmund the Demon Slayer (FoFi)            Turns: 30560, Time: 01:37:12

Health: -2/161     AC: 23    Str: 31    XL:     20   Next: 13%
Magic:  3/33       EV: 18    Int:  8    God:    the Shining One [*****.]
Gold:   1417       SH:  0    Dex: 16    Spells: 19/19 levels left

rFire    + . .     SeeInvis +   a - +5 lajatang (slice)
rCold    . . .     Gourm    .   c - +3 large shield
rNeg     + + .     Faith    .   A - +7 ring mail "Xeir" {rCorr}
rPois    +         Spirit   .   (helmet unavailable)
rElec    .         Reflect  +   r - +2 cloak
rCorr    +         Harm     .   h - +2 pair of gloves
MR       +++++                  H - +1 pair of boots "Biosepiq" {rF+ MR++ Str+2}
Stlth    ..........             Q - +4 amulet of reflection
HPRegen  0.36/turn              g - ring of poison resistance
MPRegen  0.23/turn              o - +2 ring of evasion

@: confused, mighty, divine shield, glowing, very slow
A: permanent stasis, dig shafts and tunnels, four strong arms, antennae 3, claws
1, magic resistance 1, wild magic 1
}: 1/15 runes: gossamer
a: Dig, Shaft Self, Divine Shield, Cleansing Flame, Summon Divine Warrior,
Renounce Religion


You were on level 4 of the Shoals.
You worshipped the Shining One.
The Shining One was extremely pleased with you.
You were hungry.

You visited 6 branches of the dungeon, and saw 32 of its levels.
You also visited: Ossuary and Ice Cave.

You collected 3185 gold pieces.
You spent 1768 gold pieces at shops.

Inventory:

Hand Weapons
 a - a +5 lajatang of slicing (weapon)
 l - a +1 hunting sling of freezing
 x - a +3 quarterstaff
 O - the +6 fustibalus "Nol Hon" {velocity, -Tele MR+++ Int+3 Dex+2}
   (You found it on level 3 of the Lair of Beasts)

   Any stone fired from it inflicts extra damage.
   It affects your intelligence (+3).
   It affects your dexterity (+2).
   It affects your resistance to hostile enchantments.
   It prevents most forms of teleportation.
Missiles
 P - 94 sling bullets
Armour
 b - the +10 plate armour of Qishrasua {rPois}
   (You bought it in a shop on level 1 of the Orcish Mines)

   It protects you from poison.
 c - a +3 large shield (worn)
 h - a +2 pair of gloves (worn)
 p - a +0 troll leather armour
 r - a +2 cloak (worn)
 A - the +7 ring mail "Xeir" (worn) {rCorr}
   (You found it on level 8 of the Dungeon)

   It protects you from acid and corrosion.
 H - the +1 pair of boots "Biosepiq" (worn) {rF+ MR++ Str+2}
   (You bought it in a shop on level 1 of the Orcish Mines)

   It affects your strength (+2).
   It protects you from fire.
   It affects your resistance to hostile enchantments.
Jewellery
 d - a +2 ring of protection
 e - an uncursed amulet of harm {unknown}
 g - a ring of poison resistance (left hand)
 o - a +2 ring of evasion (right hand)
 G - an uncursed ring of flight
 Q - a +4 amulet of reflection (around neck)
Wands
 q - a wand of acid (28)
 z - a wand of flame (59)
 B - a wand of paralysis (9)
 D - a wand of digging (25)
 L - a wand of iceblast (21)
 N - a wand of polymorph (55)
Scrolls
 t - 15 scrolls of remove curse
 v - 4 scrolls of identify
 w - 13 scrolls of amnesia
 y - 3 scrolls of fog
 C - 5 scrolls of fear
Potions
 i - 2 potions of magic
 j - 3 potions of ambrosia
 k - 10 potions of curing
 m - 5 potions of flight
 n - 4 potions of brilliance
 s - a potion of resistance
 u - 2 potions of cancellation
 E - 2 potions of might
 I - 2 potions of agility
 J - 2 potions of lignification
 K - 2 potions of mutation
Comestibles
 f - 23 rations


   Skills:
 + Level 14.9 Fighting
 + Level 15.2 Staves
 - Level 12.0 Slings
 - Level 8.8 Armour
 - Level 7.4 Dodging
 - Level 16.0 Shields
 + Level 18.9 Invocations


You had 19 spell levels left.
You didn't know any spells.
Your spell library contained the following spells:

 Spells                   Type           Power        Failure   Level  Hunger
 Cause Fear               Hex            #.........   100%        4    #####..
 Magic Dart               Conj           #...         58%         1    ##.....
 Fireball                 Conj/Fire      #.........   100%        5    ######.
 Conjure Flame            Conj/Fire      #.......     90%         3    ####...
 Bolt of Fire             Conj/Fire      #.........   100%        6    #######
 Slow                     Hex            #.......     73%         2    ###....
 Confuse                  Hex            #.......     90%         3    ####...
 Freezing Cloud           Conj/Ice/Air   #.........   100%        6    #######
 Mephitic Cloud           Conj/Pois/Air  #.......     90%         3    ####...
 Ring of Flames           Chrm/Fire      #.........   100%        7    #######
 Venom Bolt               Conj/Pois      #.........   100%        5    ######.
 Olgreb's Toxic Radiance  Pois           #.......     100%        4    #####..
 Blink                    Tloc           N/A          73%         2    ###....
 Animate Dead             Necr           N/A          100%        4    #####..
 Call Imp                 Summ           #.......     73%         2    ###....
 Regeneration             Chrm/Necr      #.........   90%         3    ####...
 Sting                    Conj/Pois      #...         58%         1    ##.....
 Tukima's Dance           Hex            #.......     90%         3    ####...
 Iron Shot                Conj/Erth      #.........   100%        6    #######
 Recall                   Summ/Tloc      N/A          90%         3    ####...
 Statue Form              Tmut/Erth      #........    100%        6    #######
 Death Channel            Necr           #.........   100%        6    #######
 Deflect Missiles         Chrm/Air       #.........   100%        6    #######
 Confusing Touch          Hex            #.....       58%         1    ##.....
 Passwall                 Tmut/Erth      #.........   73%         2    ###....
 Ignite Poison            Fire/Tmut/Pois #.......     90%         3    ####...
 Ensorcelled Hibernation  Hex/Ice        #.....       73%         2    ###....
 Metabolic Englaciation   Hex/Ice        #.........   100%        5    ######.
 Silence                  Hex/Air        #.........   100%        5    ######.
 Corona                   Hex            #......      58%         1    ##.....
 Sandblast                Erth           #.....       58%         1    ##.....
 Simulacrum               Ice/Necr       #.........   100%        6    #######
 Conjure Ball Lightning   Conj/Air       #.........   100%        6    #######
 Petrify                  Tmut/Erth      #.......     100%        4    #####..
 Tornado                  Air            #.........   100%        9    #######
 Leda's Liquefaction      Hex/Erth       #.........   100%        4    #####..
 Shroud of Golubria       Chrm/Tloc      #.........   73%         2    ###....
 Dazzling Spray           Conj/Hex       #.....       90%         3    ####...
 Infusion                 Chrm           #...         58%         1    ##.....
 Song of Slaying          Chrm           #.......     73%         2    ###....
 Spectral Weapon          Hex/Chrm       #.......     90%         3    ####...
 Discord                  Hex            #.........   100%        8    #######
 Summon Lightning Spire   Summ/Air       #.......     100%        4    #####..
 Gell's Gravitas          Tloc           #.........   90%         3    ####...
 Yara's Violent Unravell  Hex/Tmut       #.........   100%        5    ######.
 Poisonous Vapours        Pois/Air       #.....       73%         2    ###....
 Ignition                 Fire           #.........   100%        8    #######
 Borgnjor's Vile Clutch   Necr/Erth      #.........   100%        5    ######.


Dungeon Overview and Level Annotations

Branches:
Dungeon (15/15)            Temple (1/1) D:6            Lair (6/6) D:11
 Shoals (1/4) Lair:4       Spider (4/4) Lair:4        Slime (0/5) Lair:6
    Orc (2/2) D:9             Elf (0/3) Orc:2        Vaults (0/5) D:14
 Depths (0/5) D:15

Altars:
Ashenzari
Cheibriados
Dithmenos
Elyvilon
Fedhas
Gozag
Hepliaklqana
Kikubaaqudgha
Makhleb
Nemelex Xobeh
Okawaru
Qazlal
Ru
Sif Muna
Trog
Uskayaw
Vehumet
Wu Jian
Xom
Yredelemnul
Zin
The Shining One
Beogh

Shops:
D:7 [   D:12 *   Orc:1 [   Orc:2 [=(*

Annotations:
Shoals:4 Ilsuiw


Innate Abilities, Weirdness & Mutations

You cannot be hasted, slowed, berserked, paralysed or teleported.
You can dig through walls and to a lower floor.
Your four strong arms can wield two-handed weapons with a shield.
You have a pair of large antennae on your head. (SInv)
You have sharp fingernails.
You are resistant to hostile enchantments. (MR+)
Your spells are a little harder to cast, but a little more powerful.


Message History

You hear a shout! x3
The water elemental disappears in a puff of smoke!
Ilsuiw asks, "Do you dare to walk upon the beach?"
You block Ilsuiw's attack.
The merfolk throws a throwing net.
You reflect the throwing net off an invisible shield around you!
The throwing net hits the merfolk.
The merfolk is caught in the net!
The merfolk struggles against the net.
The merfolk siren closely misses you. The wind drake flaps its wings at you.
The air twists around and strikes you!
* * * LOW HITPOINT WARNING * * *
Your daeva calls down the wrath of the Shining One upon Ilsuiw.
Ilsuiw is smitten.
You are confused.
You feel invigorated.
The merfolk struggles against the net.
The merfolk siren chants a haunting song.
You resist with almost no effort. Ilsuiw closely misses you.
The water elemental misses you.
The merfolk siren chants a haunting song.
You resist with almost no effort. The merfolk hits you with a trident!
You die...

## ≈≈ #≈# ≈≈
#≈≈≈≈≈≈...#. #≈≈≈ #≈
#≈≈≈≈≈≈....## # ≈≈##≈≈
#≈≈≈≈≈≈....≈≈≈
#≈≈≈≈≈≈..≈#≈≈≈≈≈≈.....≈.
#≈≈[#A≈ #m#≈≈≈≈≈≈.......
#≈≈≈[E#m#≈≈≈≈≈≈≈≈≈≈....
#≈≈≈≈@#≈≈≈≈≈≈≈≈≈≈≈≈...
######mH≈≈≈≈≈≈≈≈≈≈≈...
≈≈≈≈≈≈≈H)≈≈≈≈≈≈≈≈≈≈≈...
≈≈≈≈≈≈{(≈(≈≈≈≈≈≈≈≈≈≈...
≈≈≈≈≈###.##≈≈≈....≈≈...
≈≈≈≈##≈≈m≈)#)...m.≈≈...
≈≈≈##≈≈≈≈#≈)#m..≈{†≈...
≈≈≈#≈≈≈#≈≈)≈)#.≈.{.m...
≈≈ #≈≈≈≈#≈≈#=#.≈..{≈≈≈.


You could see Ilsuiw (invisible), 2 merfolk, a manticore, a hippogriff, a water
elemental, 2 merfolk sirens and a friendly daeva.

Vanquished Creatures
  A kraken (Shoals:4)
  Kirke (D:15)
  Roxanne (Spider:4)
  Louise (D:15)
  4 ghost moths
  3 emperor scorpions (Spider:4)
  5 entropy weavers
  Azrael (Orc:2)
  2 spark wasps (Spider:4)
  A dire elephant (D:15)
  An ettin (Orc:1)
  A merfolk javelineer (Shoals:4)
  2 merfolk impalers
  7 vault guards (D:14)
  4 hydras
  Harold (D:12)
  2 catoblepae
  6 two-headed ogres
  3 merfolk aquamancers (Shoals:4)
  2 centaur warriors
  6 death yaks (Lair:6)
  A queen ant (Spider:2)
  An orc high priest (Orc:2)
  7 dancing weapons (Spider:1)
  Urug (Lair:4)
  Sonja (Lair:1)
  3 unseen horrors
  A sea snake (Shoals:4)
  A harpy (Shoals:4)
  32 wolf spiders
  17 orb spiders
  A necromancer (IceCv)
  An orc sorcerer (Orc:2)
  A salamander (D:15)
  2 deep elf magi
  5 cyclopes
  A moth of wrath (Spider:4)
  4 orc knights
  3 manticores
  10 elephants
  Psyche (D:10)
  2 centaur zombies
  A merfolk siren (Shoals:1)
  An eye of devastation (Lair:6)
  5 ice statues (IceCv)
  3 black mambas
  A spiny frog (shapeshifter) (D:13)
  2 rime drakes
  3 gargoyles
  23 spiny frogs
  2 torpor snails
  2 kobold demonologists (D:12)
  10 demonic crawlers
  9 ice devils (IceCv)
  A redback zombie (D:13)
  3 merfolk (Shoals:4)
  10 komodo dragons
  7 trolls
  4 polar bears
  3 tyrant leeches (Lair:6)
  2 wind drakes (Shoals:4)
  21 hornets
  35 jumping spiders
  21 blink frogs (Lair:6)
  A snapping turtle (Shoals:4)
  Grinder (D:3)
  A meliai zombie (D:13)
  18 dream sheep
  3 slime creatures (D:12)
  11 hippogriffs
  A centaur simulacrum (D:14)
  92 redbacks
  3 wyverns
  A spriggan (D:8)
  60 yaks
  56 tarantellas
  3 water elementals (D:12)
  2 wraiths
  3 hogs (D:15)
  2 steam dragons (D:10)
  4 basilisks
  4 fire elementals (Orc:2)
  4 hungry ghosts
  6 vampire mosquitoes (Lair:6)
  18 soldier ants (Spider:2)
  2 insubstantial wisps (D:10)
  7 swamp worms (D:9)
  5 wargs
  4 hell hounds (Orc:2)
  The ghost of Totori the Sneak, an amateur KoEn (D:3)
  8 porcupines
  6 water moccasins
  5 ice beasts
  A hornet zombie (D:14)
  38 orc warriors
  An eye of draining (Lair:6)
  10 sky beasts
  An ice beast (shapeshifter) (D:13)
  4 black bears
  7 necrophages
  2 phantoms
  4 boggarts (Lair:4)
  13 ogres
  15 crocodiles
  13 wolves
  20 centaurs
  30 bullfrogs
  2 scorpions
  3 killer bees (D:11)
  15 wights
  A howler monkey (D:12)
  10 electric eels
  10 crimson imps
  4 draconian simulacra (IceCv)
  A quasit (D:6)
  8 hounds
  23 orc priests
  2 bullfrog zombies
  2 jellies
  10 iguanas
  Crazy Yiuf (D:2)
  3 centaur skeletons
  Jessica (D:3)
  31 orc wizards
  Natasha (thrice) (D:2)
  5 troll simulacra (IceCv)
  30 worker ants
  Terence (D:2)
  2 hound skeletons
  2 hound zombies
  4 mummies
  Robin (D:3)
  11 adders
  An ogre simulacrum (IceCv)
  4 shadow imps
  12 white imps (D:13)
  2 oozes
  An adder skeleton (D:6)
  7 worms
  3 dart slugs
  13 leopard geckos
  105 orcs
  A ball python (D:7)
  4 bats
  7 giant cockroaches
  5 gnoll zombies (Ossuary)
  13 goblins
  11 hobgoblins
  8 jackals
  6 quokkas
  3 frilled lizards
  A gnoll skeleton (Ossuary)
  2 goblin zombies
  2 hobgoblin skeletons (Ossuary)
  4 hobgoblin zombies
  A jackal skeleton (D:8)
  10 kobolds
  3 kobold skeletons (Ossuary)
  2 kobold zombies (Ossuary)
  2 leopard gecko skeletons
  2 orc skeletons (Ossuary)
  An orc zombie (Ossuary)
  8 rats
  4 rat skeletons (Ossuary)
  2 rat zombies (Ossuary)
  5 tentacles (Shoals:4)
1252 creatures vanquished.

Vanquished Creatures (collateral kills)
  Saint Roka (Orc:2)
  3 merfolk impalers (Shoals:4)
  An orc sorcerer (Orc:2)
  A merfolk (Shoals:4)
  5 yaks (Lair:5)
  An orc priest (Orc:2)
  An orc wizard (Orc:2)
  An orc (Orc:2)
14 creatures vanquished.

Vanquished Creatures (others)
  Nessos (Lair:6)
  2 merfolk javelineers (Shoals:4)
  A manticore (D:15)
  Menkaure (Ossuary)
  An orc warrior (Orc:2)
  An orc (Orc:1)
  2 gnoll zombies (Ossuary)
  2 gnoll skeletons (Ossuary)
  3 goblin skeletons (Ossuary)
  3 goblin zombies (Ossuary)
  4 hobgoblin skeletons (Ossuary)
  2 hobgoblin zombies (Ossuary)
  2 kobold skeletons (Ossuary)
  3 kobold zombies (Ossuary)
  2 orc skeletons (Ossuary)
  A rat zombie (Ossuary)
  A bush (Lair:6)
  16 fungi
  44 plants
  5 tentacles (Shoals:4)
97 creatures vanquished.

Grand Total: 1363 creatures vanquished

Notes
Turn   | Place    | Note
-------+----------+-------------------------------------------
     0 | D:1      | Ijustatesigmund the Formicid Fighter began the quest for the Orb.
     0 | D:1      | Reached XP level 1. HP: 18/18 MP: 1/1
    41 | D:1      | Reached XP level 2. HP: 18/24 MP: 2/2
   244 | D:1      | Reached XP level 3. HP: 21/29 MP: 3/3
   761 | D:2      | Reached XP level 4. HP: 33/35 MP: 4/4
   835 | D:2      | Noticed Natasha
   839 | D:2      | Killed Natasha
   839 | D:2      | Reached skill level 5 in Shields
   866 | D:2      | Noticed Natasha
   879 | D:2      | Killed Natasha
   879 | D:2      | Reached XP level 5. HP: 28/41 MP: 5/5
  1018 | D:2      | Found a runed door.
  1022 | D:2      | Noticed Crazy Yiuf
  1031 | D:2      | Killed Crazy Yiuf
  1291 | D:2      | Noticed Natasha
  1293 | D:2      | Killed Natasha
  1393 | D:2      | Noticed Terence
  1405 | D:2      | Killed Terence
  1405 | D:2      | Reached XP level 6. HP: 46/47 MP: 3/6
  1670 | D:3      | Noticed Robin
  1679 | D:3      | Killed Robin
  1738 | D:3      | Noticed Totori's ghost (amateur KoEn)
  1744 | D:3      | Killed Totori's ghost
  1936 | D:3      | Reached skill level 5 in Staves
  1936 | D:3      | Reached XP level 7. HP: 52/52 MP: 7/7
  2023 | D:3      | Noticed Jessica
  2028 | D:3      | Killed Jessica
  2094 | D:3      | Noticed Grinder
  2106 | D:3      | Killed Grinder
  2106 | D:3      | Reached skill level 5 in Fighting
  2409 | D:3      | Found a sacrificial altar of Ru.
  2409 | D:3      | Found a white marble altar of Elyvilon.
  2814 | D:4      | Found a sand-covered staircase.
  2847 | Ossuary  | Entered an ossuary
  3018 | Ossuary  | Reached XP level 8. HP: 63/63 MP: 8/8
  3068 | Ossuary  | Killed Menkaure
  3608 | D:5      | Entered Level 5 of the Dungeon
  3640 | D:5      | Found a shadowy altar of Dithmenos.
  4512 | D:6      | Found a staircase to the Ecumenical Temple.
  4529 | Temple   | Entered the Ecumenical Temple
  4704 | Temple   | Became a worshipper of the Shining One
  4804 | D:6      | Reached XP level 9. HP: 66/72 MP: 9/9
  4901 | D:6      | Reached skill level 5 in Armour
  4901 | D:6      | Reached skill level 1 in Invocations
  4921 | D:6      | Found a radiant altar of Vehumet.
  5282 | D:7      | Reached skill level 2 in Invocations
  5626 | D:7      | Reached * piety under the Shining One
  5749 | D:7      | Reached skill level 3 in Invocations
  5912 | D:7      | Found a hide-covered altar of Uskayaw.
  5966 | D:7      | Found Ishui's Armour Emporium.
  6003 | D:7      | Bought a +2 chain mail of fire resistance for 301 gold pieces
  6082 | D:7      | Noticed a hippogriff
  6090 | D:7      | Killed a hippogriff
  6271 | D:7      | Found a blossoming altar of Fedhas.
  6373 | D:8      | Reached XP level 10. HP: 65/81 MP: 12/12
  6378 | D:8      | Reached skill level 4 in Invocations
  6514 | D:8      | Noticed a two-headed ogre
  6524 | D:8      | Killed a two-headed ogre
  6524 | D:8      | Reached skill level 5 in Invocations
  6761 | D:8      | Found an ornate altar of the Wu Jian Council.
  6823 | D:8      | Reached skill level 1 in Dodging
  7233 | D:8      | Got a shimmering ring mail
  7244 | D:8      | Identified the +7 ring mail "Xeir" {rCorr} (You found it on level 8 of the Dungeon)
  7774 | D:9      | Reached XP level 11. HP: 40/89 MP: 14/14
  8139 | D:9      | Reached ** piety under the Shining One
  8258 | D:9      | Noticed a two-headed ogre
  8293 | D:9      | Killed a two-headed ogre
  8392 | D:9      | Reached skill level 10 in Staves
  8495 | D:9      | Found a roughly hewn altar of Beogh.
  8508 | D:9      | You fall through a shaft for 3 floors!
  8508 | D:12     | Noticed a cyclops
  8526 | D:12     | Killed a cyclops
  8542 | D:12     | Noticed a two-headed ogre
  8623 | D:11     | Found a staircase to the Lair.
  8647 | D:10     | Entered Level 10 of the Dungeon
  8736 | D:10     | Reached skill level 5 in Dodging
  8875 | D:10     | Reached *** piety under the Shining One
  8940 | D:10     | Reached skill level 10 in Shields
  9138 | D:10     | Reached XP level 12. HP: 75/95 MP: 15/15
  9431 | D:9      | Found a staircase to the Orcish Mines.
  9751 | D:10     | Noticed Psyche
  9758 | D:10     | Killed Psyche
 10016 | D:11     | Reached skill level 6 in Invocations
 10884 | D:12     | Noticed a two-headed ogre
 10885 | D:12     | Reached **** piety under the Shining One
 10904 | D:12     | Killed a two-headed ogre
 10908 | D:12     | Reached skill level 7 in Invocations
 10934 | D:12     | Reached skill level 10 in Fighting
 11173 | D:12     | You fall through a shaft for 2 floors!
 11547 | D:14     | Found a gate to the Vaults.
 11564 | D:14     | Noticed a vault guard
 11578 | D:14     | Reached skill level 8 in Invocations
 11605 | D:14     | Killed a vault guard
 11783 | D:13     | Reached XP level 13. HP: 104/104 MP: 19/19
 11880 | D:13     | Found a frozen archway.
 11880 | D:13     | Reached ***** piety under the Shining One
 11944 | D:13     | Reached skill level 9 in Invocations
 11965 | IceCv    | Entered an ice cave
 13042 | IceCv    | Reached skill level 10 in Invocations
 13580 | D:13     | Identified a scroll of acquirement
 13671 | D:13     | Gained mutation: You have sharp fingernails. [potion of mutation]
 13671 | D:13     | Gained mutation: You are resistant to hostile enchantments. (MR+) [potion of mutation]
 13671 | D:13     | Gained mutation: Your spells are a little harder to cast, but a little more powerful. [potion of mutation]
 13891 | D:13     | Reached ****** piety under the Shining One
 14096 | D:12     | Noticed Harold
 14106 | D:12     | Killed Harold
 14404 | D:12     | Found Ibycuf's General Store.
 14419 | D:12     | Bought a potion of might for 40 gold pieces
 14419 | D:12     | Bought a scroll of enchant weapon for 75 gold pieces
 14545 | D:12     | Noticed a centaur warrior
 14570 | D:12     | Killed a centaur warrior
 14592 | D:12     | Reached skill level 11 in Invocations
 14722 | D:12     | Reached XP level 14. HP: 116/116 MP: 22/22
 15352 | Lair:1   | Entered Level 1 of the Lair of Beasts
 15541 | Lair:1   | Noticed Sonja
 15558 | Lair:1   | Killed Sonja
 17149 | Lair:3   | Got a polished fustibalus
 17150 | Lair:3   | Identified the +6 fustibalus "Nol Hon" {velocity, -Tele MR+++ Int+3 Dex+2} (You found it on level 3 of the Lair of Beasts)
 17434 | Lair:4   | Found a staircase to the Shoals.
 17453 | Lair:4   | Reached skill level 1 in Slings
 17941 | Lair:4   | Found a hole to the Spider Nest.
 18353 | Lair:4   | Noticed Urug
 18365 | Lair:4   | Killed Urug
 18365 | Lair:4   | Reached skill level 12 in Invocations
 18576 | Lair:4   | Reached XP level 15. HP: 122/122 MP: 24/24
 18883 | Lair:5   | Reached skill level 5 in Slings
 19630 | Lair:6   | Entered Level 6 of the Lair of Beasts
 19744 | Lair:6   | Noticed Nessos
 19750 | Lair:6   | Killed Nessos
 19781 | Lair:6   | Reached skill level 10 in Slings
 20416 | Lair:6   | Found a staircase to the Slime Pits.
 20453 | Lair:6   | Reached XP level 16. HP: 129/129 MP: 22/25
 21035 | Orc:1    | Entered Level 1 of the Orcish Mines
 21035 | Orc:1    | Found Peicoam's Antique Armour Emporium.
 21158 | Orc:1    | Bought a pair of heavily runed boots for 180 gold pieces
 21158 | Orc:1    | Bought a pair of slimy boots for 180 gold pieces
 21163 | Orc:1    | Identified the +0 pair of boots of Grottiness {*Corrode rC+ Str+7 Stlth+} (You bought it in a shop on level 1 of the Orcish Mines)
 21173 | Orc:1    | Identified the +1 pair of boots "Biosepiq" {rF+ MR++ Str+2} (You bought it in a shop on level 1 of the Orcish Mines)
 21177 | Orc:1    | Bought a shimmering plate armour for 532 gold pieces
 21177 | Orc:1    | Bought a shimmering cloak for 180 gold pieces
 21187 | Orc:1    | Identified the cursed +0 cloak of Greed {rF- MP+9 Int+4 Dex+3} (You bought it in a shop on level 1 of the Orcish Mines)
 21197 | Orc:1    | Identified the +10 plate armour of Qishrasua {rPois} (You bought it in a shop on level 1 of the Orcish Mines)
 21550 | Orc:2    | Entered Level 2 of the Orcish Mines
 21656 | Orc:2    | Found a staircase to the Elven Halls.
 21751 | Orc:2    | Noticed Azrael
 21775 | Orc:2    | Killed Azrael
 22036 | Orc:2    | Noticed Saint Roka
 22067 | Orc:2    | Killed Saint Roka
 22067 | Orc:2    | Reached skill level 13 in Invocations
 22708 | Orc:2    | Found a roughly hewn altar of Beogh.
 22711 | Orc:2    | Found Otygocw's General Store.
 22733 | Orc:2    | Found Xihazeog's Antique Weapon Shoppe.
 22954 | Orc:2    | Found a roughly hewn altar of Beogh.
 22979 | Orc:2    | Found Xaruewn's Jewellery Shoppe.
 22994 | Orc:2    | Found Distrossu's Antique Armour Shoppe.
 23171 | Orc:2    | Bought a +2 ring of protection for 140 gold pieces
 23171 | Orc:2    | Bought a +2 ring of evasion for 140 gold pieces
 23697 | D:15     | Entered Level 15 of the Dungeon
 23711 | D:15     | Noticed Louise
 23734 | D:15     | Killed Louise
 23924 | D:15     | Noticed Kirke
 23926 | D:15     | Reached XP level 17. HP: 138/138 MP: 27/27
 23935 | D:15     | Noticed a sphinx
 23938 | D:15     | Killed Kirke
 24299 | D:15     | Found a staircase to the Depths.
 24555 | Spider:1 | Entered Level 1 of the Spider Nest
 24563 | Spider:1 | Reached skill level 14 in Invocations
 25428 | Spider:1 | Found a runed door.
 25618 | Spider:1 | Reached skill level 15 in Staves
 25637 | Spider:1 | Got a polished scale mail
 25806 | Spider:2 | Reached skill level 15 in Invocations
 26200 | Spider:2 | Reached skill level 16 in Invocations
 26491 | Spider:2 | Identified the +1 scale mail "Tufyti" {rElec Str+2} (You found it on level 1 of the Spider Nest)
 26668 | Spider:2 | Reached XP level 18. HP: 148/148 MP: 30/30
 26864 | Spider:3 | Reached XP level 19. HP: 154/154 MP: 31/31
 27346 | Spider:3 | Reached skill level 17 in Invocations
 28225 | Spider:4 | Entered Level 4 of the Spider Nest
 28800 | Spider:4 | Noticed Roxanne
 28837 | Spider:4 | Killed Roxanne
 28838 | Spider:4 | Identified Roxanne's Tome of Clay (You took it off Roxanne on level 4 of the Spider Nest)
 29309 | Spider:4 | Reached skill level 18 in Invocations
 29389 | Spider:4 | Reached skill level 15 in Shields
 30082 | Spider:4 | Got a gossamer rune of Zot
 30397 | Shoals:1 | Entered Level 1 of the Shoals
 30451 | Shoals:1 | You fall through a shaft!
 30454 | Shoals:2 | You fall through a shaft!
 30461 | Shoals:3 | You fall through a shaft!
 30461 | Shoals:4 | Entered Level 4 of the Shoals
 30522 | Shoals:4 | Reached XP level 20. HP: 77/161 MP: 27/33
 30531 | Shoals:4 | Noticed Ilsuiw
 30559 | Shoals:4 | HP: 1/161 [wind drake/the air (16)]
 30560 | Shoals:4 | Slain by a merfolk

Vault maps used:
D:1:      saegor_arrival_simple_d
D:2:      uniq_terence, uniq_crazy_yiuf_cottage, uniq_natasha
D:3:      gammafunk_temple_overflow_elements, uniq_grinder, uniq_jessica,
          uniq_robin
D:4:      nicolae_ossuary_entry_giza, cheibrodos_sewer_entry_bend
D:5:      first_ration, grunt_dithmenos_smoke
D:6:      vehumet_altar_wand_db, minmay_temple_entry_overgrown,
          minmay_misc_feat_rugged
D:7:      lemuel_coloured_pillars_altar, lemuel_round_altar, serial_shops,
          shop_statue
D:8:      nicolae_overflow_crystal_walls, grunt_pizzeria
D:9:      david_orc_5, worms_lemuel
D:10:     hangedman_misty_isle, uniq_psyche
D:11:     lair_entry_dummy
D:12:     serial_bayou, serial_bayou_lagoon_b, serial_bayou_ford_a,
          serial_bayou_pond_b, serial_bayou_shore_b, serial_shops,
          nicolae_shop_waterfront, lab_entry_generic, uniq_harold
D:13:     portal_ice_cave_entry_imps
D:14:     erik_vaults_2
D:15:     hangedman_depths_entry_try_elsewhere_first,
          hangedman_decor_peaks_small, uniq_kirke, uniq_louise
Temple:   regret_index_temple_sphere_string
Lair:1:   grunt_megastairs_1, serial_bayou_shore_b, lemuel_fruit_tree,
          uniq_sonja
Lair:3:   beast_lair_carwin_large_3, roderic_carrion_pond
Lair:4:   minmay_shoals_entry_centaurs, nicolae_spider_entry_orb_guardian,
          kilobyte_rumbling_trees, infiniplex_staircase_pool_2,
          lemuel_fruit_fields, uniq_urug
Lair:5:   minivault_27, serial_bayou_shore_a, grunt_megastairs_3,
          serial_bayou_shore_b
Lair:6:   minmay_lair_end_frog_pond, minmay_slime_entry_eyes, wad_woods_road_04,
          uniq_nessos
Shoals:1: uniq_nikola
Shoals:2: kb_tengu_band
Shoals:3: serial_shops, nicolae_shop_stone
Shoals:4: shoals_end_hangedman, shoals_ilsuiw_ice
Spider:1: cheibrodos_spider_deadly_dance, hive_lemuel
Spider:2: nicolae_spider_circle_web, zaba_antful_of_joy
Spider:4: spider_rune_water, uniq_roxanne
Orc:1:    serial_shops, shop
Orc:2:    grunt_orc_cross, basic_altar, uniq_azrael
Ossuary:  ossuary_due_pyramid
IceCv:    ice_cave_tombish

Skill      XL: |  1  2  3  4  5  6  7  8  9 10 11 12 13 14 15 16 17 18 19 20 |
---------------+-------------------------------------------------------------+-----
Shields        | 4 5 6 8 10 12 13 15 16 | 16.0
Staves         | 3 4 5 6 8 9 10 11 13 14 15 | 15.2
Fighting       | 5 7 8 9 10 12 13 14 | 14.9
Armour         | 4 6 7 8 |  8.8
Invocations    | 3 5 8 11 12 13 16 18 | 18.9
Dodging        | 3 5 6 7 |  7.4
Slings         | 3 12 | 12.0

Action                   |  1- 3 |  4- 6 |  7- 9 | 10-12 | 13-15 | 16-18 | 19-21 || total
-------------------------+-------+-------+-------+-------+-------+-------+-------++-------
Melee: Quarterstaff      |    80 |   126 |   465 |   823 |   403 |     8 |       ||  1905
       Lajatang          |       |       |       |       |   920 |   832 |   461 ||  2213
 Fire: Fustibalus        |       |       |       |       |     9 |     5 |    70 ||    84
Invok: Divine Shield     |       |       |       |       |    13 |    15 |     5 ||    33
       Cleansing Flame   |       |       |       |       |     1 |    15 |     8 ||    24
       Summon Divine War |       |       |       |       |       |     1 |     2 ||     3
 Abil: Dig               |     2 |     2 |     3 |     5 |     8 |     1 |     3 ||    24
       Shaft Self        |       |       |       |     2 |       |       |     3 ||     5
Evoke: Wand              |       |       |     2 |    17 |       |     2 |       ||    21
  Use: Scroll            |     2 |     7 |    15 |     9 |    13 |     4 |       ||    50
       Potion            |       |       |     2 |     3 |     3 |     6 |     6 ||    20
 Stab: Petrifying        |       |     1 |       |       |       |       |       ||     1
       Paralysed         |       |     1 |       |       |       |       |       ||     1
  Eat: Chunk             |       |     4 |    11 |     9 |    12 |     6 |     2 ||    44
       Ration            |       |       |     1 |     5 |     5 |     6 |     4 ||    21
Armor: Scale mail        |    26 |    43 |    70 |       |       |       |       ||   139
       Chain mail        |       |       |    48 |    23 |       |       |       ||    71
       Ring mail         |       |       |       |   152 |   227 |     7 |   127 ||   513
       Plate armour      |       |       |       |       |     8 |   270 |       ||   278
Dodge: Dodged            |    31 |    31 |   113 |   270 |   387 |   187 |   231 ||  1250
Block: Shield            |    54 |    59 |   205 |   279 |       |       |       ||   597
       Large shield      |       |       |       |   153 |  1127 |  1170 |   878 ||  3328
       Reflection        |       |       |       |       |     8 |    19 |    15 ||    42

Table legend:
 A = Spawn XP
 B = Non-spawn XP
 C = Spawn XP percentage of total XP
 D = Spawn monster count
 E = Non-spawn monster count
 F = Spawn count percentage of total count
 G = Total turns spent on level
                    A         B        C        D         E        F      G
               +---------+---------+-------+---------+---------+-------+---------
         Total |       0 |  284794 |   0.0 |       0 |    1256 |   0.0 | 30560
               +---------+---------+-------+---------+---------+-------+---------
           D:1 |       0 |      55 |   0.0 |       0 |      24 |   0.0 |   748
           D:2 |       0 |     246 |   0.0 |       0 |      26 |   0.0 |   828
           D:3 |       0 |     560 |   0.0 |       0 |      28 |   0.0 |  1010
           D:4 |       0 |     408 |   0.0 |       0 |      25 |   0.0 |   732
           D:5 |       0 |     540 |   0.0 |       0 |      25 |   0.0 |   724
           D:6 |       0 |     639 |   0.0 |       0 |      17 |   0.0 |   711
           D:7 |       0 |    1148 |   0.0 |       0 |      28 |   0.0 |  1084
           D:8 |       0 |    2506 |   0.0 |       0 |      21 |   0.0 |   947
           D:9 |       0 |    4945 |   0.0 |       0 |      53 |   0.0 |  1488
          D:10 |       0 |    4575 |   0.0 |       0 |      39 |   0.0 |  1126
          D:11 |       0 |    2762 |   0.0 |       0 |      25 |   0.0 |  1172
          D:12 |       0 |   14527 |   0.0 |       0 |      72 |   0.0 |  1566
          D:13 |       0 |    6887 |   0.0 |       0 |      48 |   0.0 |   859
          D:14 |       0 |   11723 |   0.0 |       0 |      28 |   0.0 |  1013
          D:15 |       0 |   12854 |   0.0 |       0 |      34 |   0.0 |   675
        Lair:1 |       0 |    6550 |   0.0 |       0 |      23 |   0.0 |   940
        Lair:2 |       0 |    2743 |   0.0 |       0 |      12 |   0.0 |   767
        Lair:3 |       0 |    4009 |   0.0 |       0 |      22 |   0.0 |   274
        Lair:4 |       0 |   11386 |   0.0 |       0 |      45 |   0.0 |  1700
        Lair:5 |       0 |   10719 |   0.0 |       0 |      48 |   0.0 |  1034
        Lair:6 |       0 |   31539 |   0.0 |       0 |     101 |   0.0 |  1273
      Shoals:1 |       0 |    1533 |   0.0 |       0 |       2 |   0.0 |    54
      Shoals:4 |       0 |   15597 |   0.0 |       0 |      21 |   0.0 |    99
      Spider:1 |       0 |   32375 |   0.0 |       0 |      96 |   0.0 |   855
      Spider:2 |       0 |   17134 |   0.0 |       0 |      67 |   0.0 |  1853
      Spider:3 |       0 |   20819 |   0.0 |       0 |      55 |   0.0 |   904
      Spider:4 |       0 |   41851 |   0.0 |       0 |     106 |   0.0 |  1855
         Orc:1 |       0 |    2842 |   0.0 |       0 |      41 |   0.0 |  1023
         Orc:2 |       0 |   15143 |   0.0 |       0 |      79 |   0.0 |  1149
       Ossuary |       0 |      48 |   0.0 |       0 |      20 |   0.0 |   290
         IceCv |       0 |    6131 |   0.0 |       0 |      25 |   0.0 |  1608
               +---------+---------+-------+---------+---------+-------+---------
